 Dungeon Sprint DCSS version 0.21-a0-361-g4efd3f9 (webtiles) character file.

1638 Kidiri the Fighter (level 8, -5/124 HPs)
             Began as a Black Draconian Berserker on Oct 13, 2017.
             Was a High Priest of Trog.
             Slain by a swamp drake (12 damage)
             ... in the Dungeon (Sprint VII: "The Pits").
             The game lasted 00:06:44 (1205 turns).

Kidiri the Fighter (Black Draconian Berserker)      Turns: 1205, Time: 00:06:44

Health: -5/124     AC:  6    Str: 27    XL:     8   Next: 66%
Magic:  8/8        EV: 18    Int: 11    God:    Trog [*****.]
Gold:   0          SH:  0    Dex: 13    Spells: 7/7 levels left

rFire    . . .     SeeInvis .   a - +2 dire flail (crush)
rCold    . . .     Gourm    .   (shield currently unavailable)
rNeg     . . .     Faith    .   (armour unavailable)
rPois    .         Spirit   .   (helmet restricted)
rElec    +         Reflect  .   (no cloak)
rCorr    .         Harm     .   (no gloves)
MR       .....     NoTele   +   (no boots)
Stlth    ..........             (no amulet)
HPRegen  0.30/turn              o - +3 ring of intelligence
MPRegen  0.11/turn              p - +3 ring of dexterity

@: berserking, short of breath, very quick
A: breathe lightning, unfitting armour, electricity resistance, cold-blooded, AC
+6
a: Breathe Lightning, Berserk, Trog's Hand, Brothers in Arms, Burn Spellbooks,
Renounce Religion


You were in the Dungeon.
You worshipped Trog.
Trog was extremely pleased with you.
You were very hungry.

You visited 1 branch

Inventory:

Hand Weapons
 a - a +2 dire flail of crushing (weapon)
Jewellery
 o - a +3 ring of intelligence (left hand)
 p - a +3 ring of dexterity (right hand)
Scrolls
 h - a scroll of blinking
 j - 3 scrolls of remove curse
 k - a scroll of summoning
Potions
 c - 7 potions of curing
 d - 13 potions of heal wounds
 e - a potion of haste
 f - 4 potions of magic
 g - 4 potions of berserk rage
 i - 2 potions of invisibility
 q - a potion of resistance
 r - 2 potions of agility
Comestibles
 b - 8 bread rations
 l - 40 fruits
 m - 7 meat rations


   Skills:
 * Level 11.9 Fighting
 * Level 11.4 Maces & Flails
 + Level 4.1 Throwing
 * Level 10.1 Dodging
 - Level 2.4 Stealth


You had 7 spell levels left.
You didn't know any spells.

Dungeon Overview and Level Annotations

Branches:
Dungeon (1/1)

Altars:
Ashenzari
Cheibriados
Dithmenos
Elyvilon
Fedhas
Gozag
Hepliaklqana
Kikubaaqudgha
Makhleb
Nemelex Xobeh
Okawaru
Qazlal
Ru
Sif Muna
Trog
Uskayaw
Vehumet
Wu Jian
Xom
Yredelemnul
Zin
The Shining One
Beogh
Jiyva
Lugonu

Annotations:
D exclusions: 4 doors and 4 more exclusions


Innate Abilities, Weirdness & Mutations

You can breathe wild blasts of lightning.
Your glossy black scales are hard. (AC +6)
You cannot fit into any form of body armour.
You are resistant to electric shocks. (rElec)
You are cold-blooded and may be slowed by cold attacks.


Message History

You miss the ynoxinul.
The ynoxinul is moderately wounded.
The ufetubus misses you. x2
The ynoxinul gestures at you. The iron shot hits you!
* * * LOW HITPOINT WARNING * * *
The swamp drake closely misses you.
You bump into the metal wall.
You feel less confused. The ufetubus closely misses you.
The ufetubus completely misses you.
The ufetubus hits the ynoxinul.
The ufetubus barely misses the ynoxinul.
The ynoxinul hits you!
* * * LOW HITPOINT WARNING * * *
The ufetubus barely misses you. The ufetubus closely misses you.
Unknown command.
You barely miss the ynoxinul. You tail-slap the ynoxinul.
The ynoxinul is heavily wounded.
The ufetubus closely misses you. x2; The swamp drake bites you!
You die...

+#####......#..#......#
..).##................#
###+#####'#####''######
....##.......##''#
...(##.......##..##
#'####.......##...##
....##...<...###...##+##.
....##.......# ##k.......
....##.......# #@5###+###
######.......##53##
.#..###########5yO
.#รท############.5##
.#%#....#..[[###..
.#+#....#..[[# ##.
.#.+)...+..))# .
.#+#....#..))# .#
.+(#....#..))#


You could see a two-headed ogre, a hornet, a ynoxinul, a swamp drake and 4
ufetubi.

Vanquished Creatures
  A sea snake (D)
  A redback (D)
  A basilisk (D)
  A hungry ghost (D)
  A warg (D)
  A floating eye (D)
  An ogre (D)
  A big kobold (D)
  A gnoll sergeant (D)
  A scorpion (D)
  A crimson imp (D)
  A hound (D)
  An iron imp (D)
  An orc wizard (D)
  4 gnolls (D)
  A worm (D)
  A leopard gecko (D)
  A giant cockroach (D)
  A hobgoblin (D)
  2 quokkas (D)
  A frilled lizard (D)
  A rat (D)
26 creatures vanquished.

Vanquished Creatures (collateral kills)
  A big kobold (D)
  A scorpion (D)
  2 gnolls (D)
  A rat (D)
5 creatures vanquished.

Grand Total: 31 creatures vanquished

Notes
Turn   | Place    | Note
-------+----------+-------------------------------------------
     0 | D        | Kidiri the Draconian Berserker began the quest for the Orb.
     0 | D        | Reached XP level 1. HP: 19/19 MP: 1/1
    58 | D        | Found a bloodstained altar of Trog.
    58 | D        | Found a deep blue altar of Sif Muna.
    58 | D        | Found a viscous altar of Jiyva.
    58 | D        | Found a hazy altar of Hepliaklqana.
    58 | D        | Found an opulent altar of Gozag.
    59 | D        | Found a glowing golden altar of the Shining One.
    59 | D        | Found a glowing silver altar of Zin.
    59 | D        | Found a basalt altar of Yredelemnul.
    59 | D        | Found a shimmering altar of Xom.
    59 | D        | Found an ornate altar of the Wu Jian Council.
    59 | D        | Found a sacrificial altar of Ru.
    59 | D        | Found a stormy altar of Qazlal.
    59 | D        | Found an iron altar of Okawaru.
    59 | D        | Found a sparkling altar of Nemelex Xobeh.
    59 | D        | Found a burning altar of Makhleb.
    59 | D        | Found a blossoming altar of Fedhas.
    59 | D        | Found a white marble altar of Elyvilon.
    59 | D        | Found a shadowy altar of Dithmenos.
    59 | D        | Found a snail-covered altar of Cheibriados.
    61 | D        | Found a radiant altar of Vehumet.
    61 | D        | Found a corrupted altar of Lugonu.
    61 | D        | Found a roughly hewn altar of Beogh.
    62 | D        | Found a hide-covered altar of Uskayaw.
    62 | D        | Found an ancient bone altar of Kikubaaqudgha.
    62 | D        | Found a shattered altar of Ashenzari.
    92 | D        | Reached ** piety under Trog
   268 | D        | Noticed a big kobold
   277 | D        | Reached XP level 2. HP: 28/28 MP: 2/2
   282 | D        | Killed a big kobold
   282 | D        | Reached *** piety under Trog
   282 | D        | Reached skill level 5 in Maces & Flails
   282 | D        | Reached skill level 5 in Dodging
   282 | D        | Reached skill level 1 in Stealth
   282 | D        | Reached XP level 3. HP: 34/37 MP: 3/3
   282 | D        | Reached XP level 4. HP: 41/44 MP: 4/4
   389 | D        | Noticed a floating eye
   391 | D        | Killed a floating eye
   391 | D        | Reached XP level 5. HP: 53/53 MP: 5/5
   458 | D        | Noticed an ogre
   470 | D        | Reached **** piety under Trog
   478 | D        | Killed an ogre
   478 | D        | Reached XP level 6. HP: 62/62 MP: 6/6
   503 | D        | Reached ***** piety under Trog
   628 | D        | Received a gift from Trog
   656 | D        | Noticed a sea snake
   662 | D        | Killed a sea snake
   662 | D        | Reached skill level 10 in Maces & Flails
   662 | D        | Your scales start taking on a glossy black colour.
   662 | D        | Reached XP level 7. HP: 74/74 MP: 7/7
   662 | D        | Gained mutation: You are resistant to electric shocks. (rElec) [Black Draconian growth]
   662 | D        | Reached XP level 8. HP: 82/82 MP: 8/8
   934 | D        | Received a gift from Trog
  1189 | D        | Reached skill level 10 in Dodging
  1193 | D        | Noticed a hornet
  1194 | D        | Noticed a two-headed ogre
  1205 | D        | Slain by a swamp drake

Vault maps used:
D:        pitsprint

Skill      XL: |  1  2  3  4  5  6  7  8 |
---------------+-------------------------+-----
Dodging        | 3 5 6 7 9 10 | 10.1
Fighting       | 4 6 7 8 11 | 11.9
Maces & Flails | 4 5 7 8 10 11 | 11.4
Stealth        | 1 2 |  2.4
Throwing       | 2 4 |  4.1

Action                   |  1- 3 |  4- 6 |  7- 9 || total
-------------------------+-------+-------+-------++-------
Melee: Mace              |    25 |    36 |     9 ||    70
       Tailslap          |     3 |     5 |     1 ||     9
       Dire flail        |       |       |     4 ||     4
Invok: Berserk           |     1 |     2 |     2 ||     5
       Brothers in Arms  |       |     1 |       ||     1
 Abil: Breathe Lightning |       |       |     3 ||     3
  Use: Potion            |       |       |     1 ||     1
 Stab: Sleeping          |     2 |     1 |       ||     3
  Eat: Chunk             |       |     1 |     4 ||     5
Armor: Skin              |     4 |     3 |    25 ||    32
Dodge: Dodged            |    19 |    20 |    29 ||    68

Table legend:
 A = Spawn XP
 B = Non-spawn XP
 C = Spawn XP percentage of total XP
 D = Spawn monster count
 E = Non-spawn monster count
 F = Spawn count percentage of total count
 G = Total turns spent on level
                    A         B        C        D         E        F      G
               +---------+---------+-------+---------+---------+-------+---------
         Total |       0 |    2341 |   0.0 |       0 |      31 |   0.0 |  1205
               +---------+---------+-------+---------+---------+-------+---------
             D |       0 |    2341 |   0.0 |       0 |      31 |   0.0 |  1205
               +---------+---------+-------+---------+---------+-------+---------
